 Seeded DCSS version 0.30-a0-329-g85436e0a43 (webtiles) character file.

Game seed: 1297653594421506350 (custom seed)

805 purpskrrrp the Skirmisher (level 8, -11/42 (44) HPs)
             Began as a Kobold Hunter on Oct 28, 2022.
             Was an Initiate of Gozag.
             Mangled by Gastronok (21 damage)
             ... while paralysed by a hornet
             ... on level 8 of the Dungeon.
             The game lasted 00:05:56 (4472 turns).

purpskrrrp the Skirmisher (Kobold Hunter)           Turns: 4472, Time: 00:05:57

HP:   -11/42 (44)   AC:  6    Str:  9    XL:     8   Next: 14%
MP:   8/8           EV:  3    Int: 10    God:    Gozag
Gold: 402           SH:  0    Dex: 20    Spells: 7/7 levels left

rFire   + . .      SeeInvis .    n - +9 sling "Demonbane" {flame, Fragile rF+ Will+ Stlth+}
rCold   . . .      Faith    .    g - +0 buckler
rNeg    . . .      Spirit   .    c - +0 leather armour
rPois   .          Reflect  .    (no helmet)
rElec   .          Harm     .    i - +0 cloak
rCorr   .          Rampage  .    (no gloves)
Will    +....                    k - +1 pair of boots
Stlth   ++++......               (no amulet)
HPRegen 0.27/turn                (no ring)
MPRegen 0.11/turn                (no ring)

@: paralysed, lethally poisoned (-11 -> -18), gold aura, slowed, studying
Invocations, lightly drained
A: small, no large weapons, nightstalker 3
a: Renounce Religion, Potion Petition, Call Merchant, Bribe Branch


You were on level 8 of the Dungeon.
You worshipped Gozag.
Gozag was aware of your devotion.
You visited 2 branches of the dungeon, and saw 7 of its levels.

You collected 473 gold pieces.
You paid 71 gold pieces to Gozag.

Inventory:

Hand Weapons
 a - a +0 shortbow
 n - the +9 sling "Demonbane" (weapon) {flame, Fragile rF+ Will+ Stlth+}
   (You found it on level 2 of the Dungeon)

   Any ammunition fired from it burns those it strikes, dealing additional fire
   damage.
   rF:        It protects you from fire.
   Fragile:   It will be destroyed if unequipped.
   Will:      It increases your willpower.
   Stlth:     It makes you more stealthy.
Armour
 c - a +0 leather armour (worn)
 g - a +0 buckler (worn)
 i - a +0 cloak (worn)
 k - a +1 pair of boots (worn)
Jewellery
 r - a +4 ring of protection
Wands
 v - a wand of charming (4)
 A - a wand of digging (2)
Scrolls
 b - 2 scrolls of immolation
 h - 2 scrolls of blinking
 m - 4 scrolls of teleportation {unknown}
 q - a scroll of amnesia {unknown}
 u - 3 scrolls of identify
 x - a scroll of acquirement {unknown}
 y - a scroll of enchant armour
Potions
 d - 2 potions of ambrosia {unknown}
 e - 4 potions of curing
 f - 2 potions of resistance
 j - a potion of magic
 l - a potion of berserk rage {unknown}
 o - a potion of mutation
 p - a potion of lignification {unknown}
 s - a potion of attraction {unknown}
 t - a potion of brilliance {unknown}
 w - a potion of haste {unknown}
 z - a potion of degeneration {unknown}


   Skills:
 - Level 2.1 Fighting
 + Level 12.3 Ranged Weapons
 - Level 2.4 Dodging
 - Level 1.3 Stealth


You had 7 spell levels left.
You didn't know any spells.
Your spell library contained the following spells:

 Spells                   Type           Power      Damage    Failure   Level
 Magic Dart               Conj           0%         1d3       63%         1
 Call Imp                 Summ           0%         N/A       77%         2
 Sublimation of Blood     Necr           0%         N/A       77%         2
 Wereblood                Tmut           0%         N/A       77%         2
 Mephitic Cloud           Conj/Pois/Air  0%         N/A       94%         3
 Summon Hydra             Summ           0%         N/A       100%        7


Dungeon Overview and Level Annotations

Branches:
Dungeon (5/15)             Temple (1/1) D:4

Altars:
Ashenzari
Cheibriados
Dithmenos
Elyvilon
Fedhas
Gozag
Hepliaklqana
Kikubaaqudgha
Makhleb
Nemelex Xobeh
Okawaru
Qazlal
Ru
Sif Muna
Trog
Uskayaw
Vehumet
Wu Jian
Xom
Yredelemnul
Zin
The Shining One

Shops:
D:2 =   D:5 (

Annotations:
D:8 Gastronok, Joseph


Innate Abilities, Weirdness & Mutations

You are small and have problems with some larger weapons.
You are completely attuned to the shadows.


Message History

Joseph wields a +0 sling.
Joseph shoots a sling bullet.
The sling bullet hits you!
A wight comes into view. It is wielding a +0 mace.
A wight comes into view. It is wielding a +0 flail.
You shoot a sling bullet.
The sling bullet hits Gastronok but does no damage.
Gastronok is lightly wounded.
The bat is distracted by your dazzling golden aura.
A hornet comes into view.
You shoot a sling bullet. The sling bullet hits Gastronok!
The sling bullet burns Gastronok.
Gastronok is moderately wounded.
A wight comes into view. It is wielding a +0 scimitar.
A wight comes into view. It is wielding a +0 war axe.
The wight is distracted by your dazzling golden aura.
Joseph is distracted by your dazzling golden aura.
You shoot a sling bullet. The sling bullet hits Gastronok.
The sling bullet burns Gastronok.
Gastronok is moderately wounded.
A wight comes into view. It is wielding a +1 great sword.
You shoot a sling bullet. The sling bullet hits Gastronok!
The sling bullet burns Gastronok.
Gastronok is moderately wounded.
The wight is no longer distracted by gold.
Gastronok bites you but does no damage. The wight hits you with a +0 flail.
You feel drained.
You shoot a sling bullet. The sling bullet hits Gastronok!
The sling bullet burns Gastronok.
Gastronok is heavily wounded.
The hornet stings you.
You are poisoned.
You suddenly lose the ability to move!
The wight hits you with a +0 flail.
A black bear comes into view.
You feel very sick. The hornet stings you!
* * * LOW HITPOINT WARNING * * *
You feel yourself slow down. Gastronok bites you!!
Ouch! That really hurt!
You die...
Your body crumbles into a pile of gold.

#....# #?....
##.#..# #.......
#..##.######>.......
#.###...............
##.#
#.######......h.
...# #.##
#........z@ .###
#..###)###..zz.. ##
#.....[# #zzy..# #
#.#.#### #.@#### ##
...#.# #.w..#
....####.# ..b...#
### #.# #.#....# #
..#....# $ $ # $


You could see Gastronok, Joseph, a hornet, a black bear, 5 wights and a bat
(summoned).

Vanquished Creatures
  Menkaure (D:5)
  A sky beast (D:8)
  3 ogres
  A crimson imp (D:5)
  A jelly (D:4)
  An iguana (D:5)
  Robin (D:3)
  7 gnolls
  8 adders
  2 ufetubi (D:4)
  2 worms
  2 dart slugs
  3 orcs
  9 ball pythons
  5 bats
  4 endoplasms
  3 giant cockroaches
  15 goblins
  10 hobgoblins
  2 kobolds
  4 quokkas
  3 frilled lizards
  A goblin skeleton (D:5)
  A goblin zombie (D:5)
  3 hobgoblin zombies (D:5)
  2 kobold skeletons (D:5)
  2 orc skeletons (D:5)
  An orc zombie (D:5)
  3 rats (D:2)
101 creatures vanquished.

Notes
Turn   | Place    | Note
-------+----------+-------------------------------------------
     0 | D:1      | purpskrrrp the Kobold Hunter began the quest for the Orb.
     0 | D:1      | Reached XP level 1. HP: 12/12 MP: 1/1
    36 | D:1      | Reached XP level 2. HP: 5/17 MP: 2/2
    90 | D:1      | Reached skill level 6 in Ranged Weapons
   585 | D:2      | Reached XP level 3. HP: 21/21 MP: 3/3
   657 | D:2      | Reached skill level 7 in Ranged Weapons
   658 | D:2      | Reached XP level 4. HP: 22/26 MP: 4/4
   807 | D:2      | Identified the +9 sling "Demonbane" {flame, Fragile rF+
                  | Will+ Stlth+}
  1132 | D:2      | Found Rymnobb's Jewellery Emporium.
  1241 | D:2      | Reached XP level 5. HP: 30/30 MP: 5/5
  1401 | D:3      | Reached skill level 8 in Ranged Weapons
  1487 | D:3      | Noticed Robin
  1493 | D:3      | Killed Robin
  1673 | D:3      | Found a hide-covered altar of Uskayaw.
  2316 | D:4      | Found a broken altar of Ashenzari.
  2352 | D:4      | Noticed an ogre
  2355 | D:4      | Killed an ogre
  2356 | D:4      | Reached skill level 9 in Ranged Weapons
  2356 | D:4      | Reached XP level 6. HP: 35/35 MP: 6/6
  2421 | D:4      | Found a staircase to the Ecumenical Temple.
  2609 | Temple   | Entered the Ecumenical Temple
  2886 | Temple   | Became a worshipper of Gozag Ym Sagoz the Greedy
  3324 | D:5      | Entered Level 5 of the Dungeon
  3324 | D:5      | Noticed an ogre
  3329 | D:5      | Killed an ogre
  3330 | D:5      | Reached skill level 10 in Ranged Weapons
  3330 | D:5      | Reached XP level 7. HP: 40/40 MP: 7/7
  3535 | D:5      | Found an iron altar of Okawaru.
  3589 | D:5      | Noticed Menkaure
  3593 | D:5      | Killed Menkaure
  3594 | D:5      | Reached skill level 11 in Ranged Weapons
  3734 | D:5      | Found Vofoesa's Weapon Shop.
  4095 | D:5      | Found a glowing golden altar of the Shining One.
  4105 | D:5      | Reached XP level 8. HP: 44/44 MP: 8/8
  4406 | D:5      | You fall into a shaft and drop 3 floors!
  4444 | D:8      | Identified the +8 whip of Vaott {drain, rN+ rCorr Str-5}
  4452 | D:8      | Reached skill level 12 in Ranged Weapons
  4460 | D:8      | Noticed Gastronok
  4463 | D:8      | Noticed Joseph
  4467 | D:8      | Noticed a hornet
  4471 | D:8      | Paralysed by a hornet for 3 turns
  4472 | D:8      | Mangled by Gastronok

Illustrated notes

Levels and vault maps discovered:
D:1:      eino_arrival_water_cross, layout_rooms
D:2:      layout_loops_ring, serial_shops, shop,
          amcnicky_mini_rare_corridor_liquid
D:3:      layout_loops_ring, old_standard_altar, uniq_robin
D:4:      layout_loops_ring, mainiacjoe_overflow_paths, temple_hall
D:5:      layout_layer_cave, nicolae_tso_besieged_by_evil, okawaru_trees_2,
          serial_shops, nicolae_shop_bloodbath_and_beyond,
          minmay_manual_monstrance, uniq_menkaure
D:8:      layout_rooms, serial_shops, kennysheep_mini_moat, guppyfry_shop_venom,
          uniq_joseph, uniq_gastronok
Temple:   mainiacjoe_temple_bowtie_tessellation

Skill      XL: |  1  2  3  4  5  6  7  8 |
---------------+-------------------------+-----
Ranged Weapons | 6 7 9 10 11 12 | 12.3
Fighting       | |  2.1
Dodging        | |  2.4
Stealth        | |  1.3

Action                   |  1- 3 |  4- 6 |  7- 9 || total
-------------------------+-------+-------+-------++-------
 Fire: Shortbow          |    58 |    23 |       ||    81
       Sling             |       |    77 |    55 ||   132
  Use: Scroll            |       |     7 |       ||     7
Armor: Leather armour    |     3 |     8 |     2 ||    13
Dodge: Dodged            |    16 |    22 |     4 ||    42
Block: Buckler           |       |     3 |     2 ||     5

Table legend: (Time is in decaauts)
 A = Elapsed time spent in this place.
 B = Non-inter-level travel time spent in this place.
 C = Inter-level travel time spent in this place.
 D = Time resting spent in this place.
 E = Time spent auto-exploring this place.
 F = Levels seen in this place.
 G = Mean time per level.
                   A        B        C        D        E       F      G
               +--------+--------+--------+--------+--------+-----+--------+
         Total |   4493 |   4314 |    179 |      0 |   3832 |   7 |  641.9 |
       Dungeon |   4206 |   4035 |    171 |      0 |   3577 |   6 |  701.0 |
        Temple |    286 |    278 |      8 |      0 |    255 |   1 |  286.0 |
               +--------+--------+--------+--------+--------+-----+--------+

Top non-repeatable levels by time:
     D:5: 1080 daAuts
     D:4: 925 daAuts
     D:3: 794 daAuts
     D:2: 774 daAuts
     D:1: 568 daAuts
  Temple: 286 daAuts
     D:8: 63 daAuts
